 Dungeon Crawl Stone Soup version 0.23.0 (webtiles) character file.

Game seed: 9089726021068922156

53 Monsterracer the Skirmisher (level 4, 0/39 HPs)
             Began as a Formicid Wanderer on Feb 11, 2019.
             Succumbed to an adder's poison
             ... on level 2 of the Dungeon.
             The game lasted 00:01:25 (1044 turns).

Monsterracer the Skirmisher (Formicid Wanderer)     Turns: 1044, Time: 00:01:25

Health: 0/39       AC:  9    Str: 18    XL:     4   Next: 11%
Magic:  4/4        EV:  4    Int: 12    God:
Gold:   99         SH:  8    Dex:  9    Spells: 3/3 levels left

rFire    . . .     SeeInvis +   b - +0 hand axe
rCold    . . .     Gourm    .   a - +0 shield
rNeg     . . .     Faith    .   h - +0 chain mail
rPois    .         Spirit   .   (helmet unavailable)
rElec    .         Reflect  .   (no cloak)
rCorr    .         Harm     .   (no gloves)
MR       .....                  (no boots)
Stlth    ..........             (no amulet)
HPRegen  0.13/turn              (no ring)
MPRegen  0.09/turn              (no ring)

@: lethally poisoned (0 -> -10)
A: permanent stasis, dig shafts and tunnels, four strong arms, antennae 3
a: Dig, Shaft Self


You were on level 2 of the Dungeon.
You were not hungry.

You visited 1 branch of the dungeon, and saw 2 of its levels.

You collected 99 gold pieces.

Inventory:

Hand Weapons
 b - a +0 hand axe (weapon)
Armour
 a - a +0 shield (worn)
 h - a +0 chain mail (worn)
Scrolls
 d - a scroll of remove curse {unknown}
 f - a scroll of enchant weapon {unknown}
Potions
 e - 2 potions of agility {unknown}
 g - a potion of flight {unknown}
Comestibles
 c - 3 rations


   Skills:
 * Level 5.0 Fighting
 + Level 2.5 Axes
 + Level 2.7 Armour
 + Level 2.2 Shields
   Level 1.1 Evocations


You had 3 spell levels left.
You didn't know any spells.
Your spell library was empty.

Dungeon Overview and Level Annotations

Branches:
Dungeon (2/15)

Altars:


Innate Abilities, Weirdness & Mutations

You cannot be hasted, slowed, berserked, paralysed or teleported.
You can dig through walls and to a lower floor.
Your four strong arms can wield two-handed weapons with a shield.
You have a pair of large antennae on your head. (SInv)


Message History

Found an escape hatch in the floor.
You see here a helmet.
You butcher the giant cockroach corpse.
d - a chunk of flesh Eating a chunk of flesh.
You eat the chunk of flesh.
This raw flesh tastes terrible.
Found 21 stones.
d - a scroll labeled LEUPRE SIOXZYI You sense a monster nearby.
An adder comes into view.
The adder hisses angrily.
An adder is nearby!
The adder barely misses you.
Your chain mail prevents you from hitting the adder.
You block the adder's attack.
Your shield and chain mail prevent you from hitting the adder.
The adder bites you but does no damage. The adder barely misses you.
Your shield and chain mail prevent you from hitting the adder.
You block the adder's attack. The adder bites you but does no damage.
You barely miss the adder. The adder bites you but does no damage.
Your chain mail prevents you from hitting the adder.
The adder bites you. The adder bites you but does no damage.
You take 3 damage, and have 29/32 hp.
An adder is nearby!
Your shield and chain mail prevent you from hitting the adder.
The adder completely misses you.
You completely miss the adder. The adder bites you.
You are poisoned.
The adder poisons you! The adder bites you but does no damage.
You take 4 damage, and have 25/32 hp.
An adder is nearby!
You closely miss the adder.
You feel sick.
The adder bites you but does no damage. x2
An adder is nearby!
Your chain mail prevents you from hitting the adder.
The adder bites you but does no damage.
You completely miss the adder.
You feel sick. You block the adder's attack.
The adder bites you but does no damage.
You take 1 damage, and have 24/32 hp.
You hit the adder but do no damage. The adder bites you. x2
You are more poisoned.
The adder poisons you!
You take 3 damage, and have 21/32 hp.
You are too injured to fight recklessly!
You are too injured to fight recklessly!
You barely miss the adder.
You feel sick. The adder bites you.
You are more poisoned.
The adder poisons you! The adder bites you.
* * * LOW HITPOINT WARNING * * *
You are lethally poisoned!
The adder poisons you!
You take 5 damage, and have 16/32 hp.
You hit the adder.
The adder is heavily wounded.
* * * LOW HITPOINT WARNING * * *
You feel sick. The adder bites you but does no damage.
You take 2 damage, and have 14/32 hp.
You completely miss the adder.
The adder is heavily wounded.
* * * LOW HITPOINT WARNING * * *
You feel sick. The adder bites you but does no damage.
You block the adder's attack.
You take 1 damage, and have 13/32 hp.
You closely miss the adder.
The adder is heavily wounded.
* * * LOW HITPOINT WARNING * * *
You feel sick. The adder bites you.
* * * LOW HITPOINT WARNING * * *
The adder bites you but does no damage.
You hit the adder.
The adder is almost dead.
* * * LOW HITPOINT WARNING * * *
You feel sick. The adder bites you.
* * * LOW HITPOINT WARNING * * *
You are more poisoned.
The adder poisons you!
You take 7 damage, and have 6/32 hp.
MASSIVE DAMAGE!!
You slash the adder!
You kill the adder!
Your Fighting skill increases to level 5!
You have reached level 4!
You feel stronger.
* * * LOW HITPOINT WARNING * * *
You feel sick.
You take 1 damage, and have 5/39 hp.
MP restored: 4 Unknown command.
Unknown command.
* * * LOW HITPOINT WARNING * * *
You feel sick.
* * * LOW HITPOINT WARNING * * *
You feel sick.
* * * LOW HITPOINT WARNING * * *
You feel sick.
You take 3 damage, and have 2/39 hp.
* * * LOW HITPOINT WARNING * * *
You feel sick.
* * * LOW HITPOINT WARNING * * *
You feel sick.
You die...

## .# .# .#
###.#######.#
#......@....#
##########..#
#..# #..#
#..# #.# #..#
#.# ### #..#
#.# ..( #..#
#.#
#####.###..#
#.#


There were no monsters in sight!

Vanquished Creatures
  A gnoll (D:1)
  An adder (D:2)
  An ooze (D:1)
  A dart slug (D:1)
  A leopard gecko (D:1)
  3 bats (D:1)
  4 giant cockroaches
  4 goblins (D:1)
  3 hobgoblins (D:1)
  A frilled lizard (D:1)
  4 kobolds (D:1)
  3 rats (D:1)
27 creatures vanquished.

Notes
Turn   | Place    | Note
-------+----------+-------------------------------------------
     0 | D:1      | Monsterracer the Formicid Wanderer began the quest for the
                  | Orb.
     0 | D:1      | Monsterracer set off with the following items: a +0 shield,
                  | a +0 hand axe, a ration, a +0 ring mail
     0 | D:1      | Reached XP level 1. HP: 20/20 MP: 1/1
    98 | D:1      | Reached XP level 2. HP: 24/26 MP: 2/2
   333 | D:1      | Reached XP level 3. HP: 27/31 MP: 3/3
   455 | D:1      | HP: 14/31 [gnoll (4)]
  1033 | D:2      | HP: 16/32 [adder (3)]
  1037 | D:2      | HP: 6/32 [adder (2)]
  1038 | D:2      | Reached skill level 5 in Fighting
  1038 | D:2      | Reached XP level 4. HP: 7/39 MP: 4/4
  1041 | D:2      | HP: 2/39 [poisoned by an adder]
  1044 | D:2      | Succumbed to an adder's poison

Skill      XL: |  1  2  3 |
---------------+----------+-----
Shields        | 2 |  2.2
Fighting       | 5 |  5.0
Axes           | |  2.5
Armour         | |  2.7
Evocations     | |  1.1

Action                   |  1- 3 |  4- 6 || total
-------------------------+-------+-------++-------
Melee: Hand axe          |   138 |       ||   138
  Eat: Chunk             |     1 |       ||     1
Armor: Ring mail         |    32 |       ||    32
       Chain mail        |    42 |       ||    42
Dodge: Dodged            |    48 |       ||    48
Block: Shield            |    61 |       ||    61

Levels and vault maps discovered:
D:1:      minmay_arrival_four_loops, layout_rooms, minmay_pentomino_u2
D:2:      layout_basic
